 Dungeon Crawl Stone Soup version 0.29.1-13-g9f3cf754e1 (webtiles) character file.

Game seed: 2208523065353164406

6194 OTABOTABOTAB the Summoner (level 10, -18/69 HPs)
             Began as an Octopode Summoner on Jan 30, 2023.
             Was an Initiate of Gozag.
             Demolished by an orc warrior
             ... wielding a +0 trident
              (20 damage)
             ... on level 9 of the Dungeon.
             The game lasted 00:32:01 (14042 turns).

OTABOTABOTAB the Summoner (Octopode Summoner)      Turns: 14042, Time: 00:32:01

Health: -18/69     AC:  1    Str: 18    XL:     10   Next: 91%
Magic:  1/20       EV: 17    Int: 20    God:    Gozag
Gold:   2590       SH:  0    Dex: 18    Spells: 9/22 levels left

rFire   . . .      SeeInvis .   a - +0 dagger (freeze)
rCold   . . .      Faith    .   (no shield)
rNeg    + . .      Spirit   .   (helmet restricted)
rPois   .          Reflect  .   n - amulet of the acrobat
rElec   .          Harm     .   d - +6 ring of dexterity
rCorr   .          Rampage  .   g - ring of flight {+Fly, !d}
Will    .....                   u - ring of positive energy {rN+}
Stlth   +++.......              m - +6 ring of strength
HPRegen 0.21/turn               Z - ring of wizardry {Wiz+, !d}
MPRegen 0.17/turn               (no ring)
                                (no ring)
                                (no ring)

@: flying
A: almost no armour, amphibious, 8 rings, camouflage 1, gelatinous body 1,
(nimble swimmer 1), tentacles, tentacle spike 1, mutation resistance 1, strong 1
a: Renounce Religion, Potion Petition, Call Merchant, Bribe Branch


You were on level 9 of the Dungeon.
You worshipped Gozag.
Gozag was most pleased with you.
You visited 2 branches of the dungeon, and saw 10 of its levels.
You also visited: Bailey.

You collected 2692 gold pieces.
You paid 102 gold pieces to Gozag.

Inventory:

Hand Weapons
 a - a +0 dagger of freezing (weapon)
   (You found it on level 1 of the Dungeon)
Jewellery
 b - an amulet of reflection
   (You found it on level 5 of the Dungeon)
 c - a ring of ice {rC+, rF-}
   (You found it on level 7 of the Dungeon)
 d - a +6 ring of dexterity (left tentacle)
   (You found it on level 1 of the Dungeon)
 g - a ring of flight (right tentacle) {+Fly, !d}
   (You found it on level 1 of the Dungeon)
 m - a +6 ring of strength (on tentacle)
   (You found it on level 2 of the Dungeon)
 n - an amulet of the acrobat (around mantle)
   (You found it on level 2 of the Dungeon)
 u - a ring of positive energy (on tentacle) {rN+}
   (You found it on level 2 of the Dungeon)
 Z - a ring of wizardry (on tentacle) {Wiz+, !d}
   (You found it on level 2 of the Dungeon)
Wands
 j - a wand of polymorph (7)
   (You found it on level 8 of the Dungeon)
 k - a wand of light (2)
   (You took it off Maggie on level 7 of the Dungeon)
Scrolls
 e - a scroll of noise {!r}
 Y - 5 scrolls of teleportation {@r3}
Potions
 h - a potion of brilliance {unknown}
 i - a potion of degeneration {unknown}
 q - 6 potions of attraction {unknown}
 J - 3 potions of curing {@q1}
 L - a potion of flight
 M - 2 potions of might
 P - a potion of lignification {!q}
 T - a potion of berserk rage {!q}
Miscellaneous
 v - a lightning rod (4/4)
   (You found it in a bailey)


   Skills:
 + Level 6.6 Fighting
 + Level 7.0 Dodging
 - Level 2.6 Stealth
 + Level 6.9 Spellcasting
 - Level 5.0 Hexes
 + Level 8.3 Summonings
 + Level 6.0 Air Magic


You had 9 spell levels left.
You knew the following spells:

 Your Spells              Type           Power      Damage    Failure   Level
a - Summon Small Mammal   Summ           100%       N/A       1%          1
b - Call Canine Familiar  Summ           40%        N/A       1%          3
c - Call Imp              Summ           40%        N/A       1%          2
d - Summon Guardian Gole  Hex/Summ       33%        N/A       1%          3
e - Summon Lightning Spi  Summ/Air       35%        N/A       1%          4

Your spell library contained the following spells:

 Spells                   Type           Power      Damage    Failure   Level
 Magic Dart               Conj           24%        1d4       4%          1
 Sandblast                Erth           12%        2d6       4%          1
 Passwall                 Tmut/Erth      5%         N/A       6%          2
 Searing Ray              Conj           12%        2d4       6%          2
 Stone Arrow              Conj/Erth      12%        3d7       12%         3
 Fulminant Prism          Conj/Hex       8%         3d7       14%         4
 Dispel Undead            Necr           6%         3d8       34%         4
 Death Channel            Necr           3%         N/A       99%         6
 Corpse Rot               Necr/Pois/Air  Unusable   N/A       N/A         4

Dungeon Overview and Level Annotations

Branches:
Dungeon (9/15)             Temple (1/1) D:5          Bailey (visited)
   Lair: D:8-11         Orc: D:9-12

Altars:
Ashenzari
Cheibriados
Elyvilon
Fedhas
Gozag
Hepliaklqana
Makhleb
Nemelex Xobeh
Okawaru
Qazlal
Ru
Sif Muna
Trog
Uskayaw
Vehumet
Wu Jian
Xom
Yredelemnul
Zin
The Shining One

Shops:
D:1 !(![   D:6 (


Innate Abilities, Weirdness & Mutations

You cannot wear most types of armour.
You are amphibious.
You can wear up to eight rings at the same time.
Your skin changes colour to match your surroundings (Stealth+).
Your rubbery body absorbs attacks. (AC +1, EV +1)
((You are camouflaged when in or above water. (Stealth+)))
You have tentacles for arms and can constrict up to eight enemies at once.
One of your tentacles bears a spike.
You are somewhat resistant to further mutation.
Your muscles are strong. (Str +4, Int/Dex -1)


Message History

The wyvern bites your hound!
Your hound dies!
Your hound's corpse disappears in a puff of smoke!
You hear a shout!
You now have 5/20 mp.
Unknown command.
An electric hum fills the air.
You hear a shout! x2
Your lightning spire disappears in a puff of smoke!
The orc barely misses you.
You now have 1/20 mp.
Unknown command.
The wyvern barely misses you.
Your lightning spire shoots out a bolt of lightning at the orc!
The bolt of electricity misses the orc.
The wyvern bites you! The orc completely misses you.
You take 10 damage, and have 42/69 hp.
You now have 0/20 mp.
Unknown command.
Okay, then.
Okay, then.
You hit the wyvern but do no damage.
You pierce the wyvern.
Your squeeze misses the wyvern. The wyvern bites you.
Your quokka bites the orc.
The orc hits your quokka with a +0 flail!
Your quokka dies!
Your quokka's corpse disappears in a puff of smoke!
Something hits your lightning spire but does no damage.
Your lightning spire shoots out a bolt of lightning at the orc!
The bolt of electricity hits the orc!
The orc dies!
You take 4 damage, and have 38/69 hp.
You hit the wyvern but do no damage.
You pierce the wyvern.
The wyvern completely misses you. The wolf misses you.
A wolf comes into view.
The orc warrior hits your lightning spire with a +0 trident.
The wyvern bites you!
You take 8 damage, and have 30/69 hp.
What are your orders? t - Shout!
Orders for allies: a - Attack new target. r - Retreat! s - Stop attacking. g - Guard the area. f - Follow me.
Anything else - Cancel.
Gang up on whom?
Aim: a wyvern (lightly wounded) Attack!
The wolf bites you!
The orc warrior hits your lightning spire with a +0 trident!
The wyvern barely misses you.
The wolf pauses to sniff the ground.
The wolf closely misses you. Something hits you.
* * * LOW HITPOINT WARNING * * *
Your lightning spire shoots out a bolt of lightning at the wyvern!
The bolt of electricity hits something!
The bolt of electricity hits the wyvern!
You take 13 damage, and have 17/69 hp.
You feel better. The wolf barely misses you. The wyvern bites you.
* * * LOW HITPOINT WARNING * * *
The orc warrior is distracted by your dazzling golden aura.
The wolf barely misses you. Something hits your lightning spire.
You regained 2 hp, and now have 19/69 hp.
Really read
D - 2 scrolls of blinking {!r}?
Blink to where?
As you read the scroll of blinking {!r}, it crumbles to dust.
Something bites your lightning spire!
A magic dart appears from out of thin air!
The magic dart hits your lightning spire but does no damage.
Your lightning spire shoots out a bolt of lightning at the wyvern!
The bolt of electricity hits the wyvern.
The bolt of electricity hits the wolf!
The bolt of electricity hits the wolf.
The bolt of electricity hits the wyvern!
The wyvern dies!
Your Dodging skill increases to level 7!
Something bites your lightning spire but does no damage.
Something hits your lightning spire!
Your lightning spire is destroyed!
Your lightning spire disappears in a puff of smoke!
The wolf is distracted by your dazzling golden aura.
You now have 0/20 mp.
Okay, then.
Something closely misses your quokka.
The wolf is no longer distracted by gold.
A wolf comes into view.
A hound comes into view.
The wolf misses your quokka.
Your quokka bites the wolf but does no damage.
The wolf completely misses you. The wolf bites your quokka!
Your quokka dies!
Your quokka's corpse disappears in a puff of smoke!
The wolf howls!
Really read
D - a scroll of blinking {!r}?
Blink to where?
Really blink into that cloud of flame?
An orc and an orc wizard come into view.
As you read the scroll of blinking {!r}, it crumbles to dust.
You are engulfed in blazing flames.
* * * LOW HITPOINT WARNING * * *
The orc shouts!
You hear a shout!
The wolf barely misses you.
The orc warrior hits you with a +0 trident!!
You die...
Your body crumbles into a pile of gold.

h≈~~...........
~~≈~............#
~~~~............#
~..~.....$.$....#
~...~~o....$$...#
..$..o....h.....#
$ #$$(h.....#
#...ho.{..#
#..$@§.h.§#
###########


You could see an orc warrior, 3 wolves, a hound, an orc wizard (wandering) and
an orc.

Vanquished Creatures
  A water moccasin (D:5)
  A centaur (D:5)
  2 wolves (Bailey)
  A phantom (D:6)
  A bullfrog (D:7)
  A howler monkey (D:8)
  An orc wizard (D:7)
  A shadow imp (D:5)
  A white imp (D:5)
  3 orcs
  A ball python (D:1)
  An endoplasm (D:3)
  2 giant cockroaches
  A goblin (D:8)
  A hobgoblin (D:1)
  A rat (D:1)
20 creatures vanquished.

Vanquished Creatures (collateral kills)
  Maggie (D:7)
  A wyvern (D:9)
  2 yaks (D:8)
  A water moccasin (D:6)
  An orc warrior (D:7)
  2 sky beasts (D:8)
  3 ice beasts
  A black bear (D:8)
  An ogre (D:5)
  5 wolves (Bailey)
  A phantom (D:7)
  A centaur (D:5)
  2 kobold brigands (D:8)
  3 bullfrogs
  6 gnoll sergeants (Bailey)
  A necrophage (D:6)
  5 scorpions
  4 wights (D:8)
  5 killer bees (D:8)
  A howler monkey (D:8)
  3 jellies
  5 gnoll boudas (Bailey)
  2 orc priests (D:7)
  3 hounds
  7 orc wizards
  5 iguanas
  13 gnolls
  8 adders
  A shadow imp (D:7)
  A white imp (D:7)
  An ufetubus (D:5)
  3 worms (D:2)
  8 dart slugs
  32 orcs
  6 endoplasms
  4 giant cockroaches
  10 goblins
  13 hobgoblins
  5 quokkas
  8 ball pythons
  6 bats
  4 frilled lizards
  10 kobolds
  A rat (D:1)
206 creatures vanquished.

Vanquished Creatures (others)
  A hornet (D:8)
  A yak (D:8)
  An orc warrior (D:9)
  An ice beast (D:6)
  An ogre (D:5)
  3 gnoll sergeants (Bailey)
  A killer bee (D:8)
  A howler monkey (D:8)
  2 hounds (D:5)
  A gnoll (Bailey)
  An orc (D:4)
  5 plants
19 creatures vanquished.

Grand Total: 245 creatures vanquished

Notes
Turn   | Place    | Note
-------+----------+-------------------------------------------
     0 | D:1      | OTABOTABOTAB the Octopode Summoner began the quest for the
                  | Orb.
     0 | D:1      | Reached XP level 1. HP: 11/11 MP: 3/3
   381 | D:1      | Reached XP level 2. HP: 17/17 MP: 1/5
   384 | D:1      | Learned a level 2 spell: Call Imp
   575 | D:1      | Found Narit's Distillery.
   615 | D:1      | Found Iclubim's Weapon Shop.
   696 | D:1      | Found Neudaoz's Distillery.
   811 | D:1      | Reached XP level 3. HP: 21/21 MP: 1/6
   815 | D:1      | Learned a level 3 spell: Call Canine Familiar
   914 | D:1      | Found Abolood's Armour Boutique.
  1347 | D:1      | Reached skill level 3 in Spellcasting
  1752 | D:2      | Reached XP level 4. HP: 26/27 MP: 3/8
  1840 | D:2      | Learned a level 3 spell: Summon Guardian Golem
  3027 | D:2      | Reached XP level 5. HP: 32/32 MP: 2/9
  3430 | D:2      | Reached skill level 1 in Fighting
  3430 | D:2      | Reached skill level 1 in Hexes
  3430 | D:2      | Reached skill level 5 in Summonings
  4097 | D:3      | Found a faded altar of an unknown god.
  4372 | D:3      | Reached XP level 6. HP: 37/38 MP: 1/11
  4394 | D:3      | HP: 8/38 [something/puff of flame (10)]
  4829 | D:3      | Found a blossoming altar of Fedhas.
  4829 | D:3      | Found a shimmering altar of Xom.
  4869 | D:3      | Reached skill level 2 in Hexes
  4887 | D:3      | Found a radiant altar of Vehumet.
  4889 | D:3      | Found a faded altar of an unknown god.
  4891 | D:3      | Found a glowing silver altar of Zin.
  5079 | D:4      | Reached skill level 3 in Dodging
  5084 | D:4      | Reached skill level 2 in Fighting
  5234 | D:4      | HP: 9/39 [something (1)]
  5680 | D:4      | Reached XP level 7. HP: 37/45 MP: 6/12
  5685 | D:4      | Learned a level 4 spell: Summon Lightning Spire
  6089 | D:4      | Reached skill level 4 in Spellcasting
  6778 | D:5      | Entered Level 5 of the Dungeon
  6864 | D:5      | Reached skill level 1 in Air Magic
  6948 | D:5      | Reached skill level 3 in Fighting
  6948 | D:5      | Reached skill level 3 in Hexes
  7195 | D:5      | Reached XP level 8. HP: 52/52 MP: 5/14
  7409 | D:5      | Reached skill level 2 in Air Magic
  7467 | D:5      | Reached skill level 4 in Dodging
  7726 | D:5      | Reached skill level 6 in Summonings
  7803 | D:5      | Found a staircase to the Ecumenical Temple.
  7814 | Temple   | Entered the Ecumenical Temple
  7836 | Temple   | Became a worshipper of Gozag Ym Sagoz the Greedy
  8592 | D:6      | HP: 12/54 [poisoned by a water moccasin]
  8597 | D:6      | HP: 7/54 [poisoned by a water moccasin]
  8616 | D:6      | Reached skill level 4 in Fighting
  8969 | D:6      | Reached skill level 3 in Air Magic
  8978 | D:6      | Reached skill level 5 in Spellcasting
  8978 | D:6      | Reached skill level 4 in Hexes
  9110 | D:6      | Reached XP level 9. HP: 58/58 MP: 16/16
  9487 | D:6      | Found Qiphed's Weapon Boutique.
  9696 | D:6      | Identified a scroll of acquirement
  9696 | D:6      | Acquired 1054 gold pieces
 10081 | D:7      | Reached skill level 5 in Dodging
 10219 | D:7      | Noticed Maggie
 10265 | D:7      | HP: 3/59 [Maggie/bolt of light (19)]
 10266 | D:7      | Killed Maggie
 11141 | D:7      | Reached skill level 7 in Summonings
 11141 | D:7      | Reached skill level 4 in Air Magic
 11236 | D:7      | Found a bloodstained altar of Trog.
 11255 | D:7      | Reached skill level 5 in Fighting
 11372 | D:8      | Noticed a hornet
 11403 | D:8      | Reached skill level 5 in Hexes
 11434 | D:8      | HP: 14/61 [sky beast (5)]
 11439 | D:8      | HP: 9/61 [something (4)]
 11439 | D:8      | HP: 4/61 [something (5)]
 11719 | D:8      | Killed a hornet
 11720 | D:8      | Reached XP level 10. HP: 66/66 MP: 5/18
 11742 | D:8      | Reached skill level 6 in Spellcasting
 11782 | D:8      | Reached skill level 6 in Dodging
 11917 | D:8      | Reached skill level 5 in Air Magic
 11943 | D:8      | Found a flagged portal.
 11952 | Bailey   | Entered a bailey
 12234 | Bailey   | Reached skill level 6 in Fighting
 12717 | Bailey   | Reached skill level 8 in Summonings
 13223 | D:8      | HP: 15/69 [killer bee (4)]
 13228 | D:8      | HP: 17/69 [killer bee (6)]
 13233 | D:8      | HP: 12/69 [poisoned by a killer bee]
 13234 | D:8      | Gained mutation: One of your tentacles bears a spike.
                  | [potion of mutation]
 13234 | D:8      | Gained mutation: Your muscles are strong. (Str +4, Int/Dex
                  | -1) [potion of mutation]
 13234 | D:8      | Gained mutation: You are somewhat resistant to further
                  | mutation. [potion of mutation]
 14018 | D:9      | Reached skill level 6 in Air Magic
 14033 | D:9      | HP: 17/69 [something (4)]
 14036 | D:9      | Reached skill level 7 in Dodging
 14042 | D:9      | HP: 2/69 [themself] (18)]
 14042 | D:9      | Demolished by an orc warrior

Illustrated notes

Levels and vault maps discovered:
D:1:      dpeg_arrival_erosion, layout_loops_ring, serial_shops,
          nicolae_square_shop, shop, nicolae_shop_bloodbath_and_beyond, shop,
          serial_bayou, serial_bayou_pond_d, serial_bayou_crossing,
          serial_bayou_pond_d, serial_bayou_shore_a
D:2:      layout_basic, minmay_tall_x
D:3:      cheibrodos_old_hovel, layout_loops_cross,
          chequers_temple_overflow_minitemple,
          hellmonk_ecumenical_altar_heavens_door
D:4:      layout_basic
D:5:      layout_cave_pods, temple_pool_b, serial_glass, glass_columns_b,
          glass_columns_c, glass_columns_a, glass_columns_b, glass_columns_c,
          glass_columns_a, glass_columns_b, glass_columns_a, glass_columns_a,
          glass_columns_a
D:6:      layout_basic, kennysheep_windowed_goal
D:7:      layout_basic, trog_butcher_becter, uniq_maggie
D:8:      layout_cave_pools, enter_bailey_5
D:9:      layout_roguey, grunt_dithmenos_smoke, erik_lair_island,
          zombieorc2_lemuel, chequers_garden, uniq_maurice
Temple:   minmay_freezing_vapour_temple

Skill      XL: |  1  2  3  4  5  6  7  8  9 10 |
---------------+-------------------------------+-----
Spellcasting   | 3 4 5 6 |  6.9
Fighting       | 1 2 3 4 5 6 |  6.6
Hexes          | 1 2 3 4 5 |  5.0
Summonings     | 5 6 7 8 |  8.3
Dodging        | 3 4 5 7 |  7.0
Air Magic      | 1 3 4 6 |  6.0
Stealth        | |  2.6

Action                   |  1- 3 |  4- 6 |  7- 9 | 10-12 || total
-------------------------+-------+-------+-------+-------++-------
Melee: Unarmed           |     9 |       |       |       ||     9
       Constrict         |     5 |     2 |     6 |     2 ||    15
       Tentacles         |     2 |     5 |     8 |     3 ||    18
       Dagger            |     1 |    25 |    24 |    14 ||    64
       Punch             |       |     1 |     2 |       ||     3
       Kick              |       |       |       |     2 ||     2
Throw: Stone             |       |     3 |       |       ||     3
 Cast: Summon Small Mamm |    24 |    33 |    36 |    19 ||   112
       Call Imp          |    11 |    21 |    27 |    10 ||    69
       Call Canine Famil |     3 |    32 |    45 |    11 ||    91
       Summon Guardian G |       |     3 |     7 |     9 ||    19
       Summon Lightning  |       |       |    19 |    35 ||    54
  Use: Scroll            |     3 |       |    11 |     3 ||    17
       Potion            |       |       |     6 |     3 ||     9
 Stab: Distracted        |       |       |     1 |     1 ||     2
Armor: Skin              |     4 |     2 |       |     1 ||     7
Dodge: Dodged            |    17 |    33 |    96 |    97 ||   243

Table legend: (Time is in decaauts)
 A = Elapsed time spent in this place.
 B = Non-inter-level travel time spent in this place.
 C = Inter-level travel time spent in this place.
 D = Time resting spent in this place.
 E = Time spent auto-exploring this place.
 F = Levels seen in this place.
 G = Mean time per level.
                   A        B        C        D        E       F      G
               +--------+--------+--------+--------+--------+-----+--------+
         Total |  14045 |  13714 |    331 |   1683 |   9681 |  11 | 1276.8 |
       Dungeon |  13047 |  12720 |    327 |   1416 |   9249 |   9 | 1449.7 |
        Temple |     27 |     23 |      4 |      0 |     10 |   1 |   27.0 |
        Bailey |    969 |    969 |      0 |    267 |    422 |   1 |  969.0 |
               +--------+--------+--------+--------+--------+-----+--------+

Top non-repeatable levels by time:
     D:2: 1858 daAuts
     D:4: 1841 daAuts
     D:7: 1725 daAuts
     D:1: 1702 daAuts
     D:5: 1584 daAuts
     D:8: 1567 daAuts
     D:3: 1371 daAuts
     D:6: 1361 daAuts
  Bailey: 969 daAuts
     D:9: 33 daAuts
  Temple: 27 daAuts

Table legend:
 A = Kills in this place as a percentage of kills in entire the game.
 B = Kills by you in this place as a percentage of kills by you in the entire game.
 C = Kills by friends in this place as a percentage of kills by friends in the entire game.
 D = Other kills in this place as a percentage of other kills in the entire game.
 E = Experience gained in this place as a percentage of experience gained in the entire game.
 F = Experience gained in this place divided by the number of levels of this place that you have seen.
                   A       B       C       D       E      F
               +-------+-------+-------+-------+-------+----------------------
         Total | 100.0 | 100.0 | 100.0 | 100.0 | 100.0 | 804.5
       Dungeon |  87.9 |  90.0 |  88.8 |  71.4 |  78.0 | 767.2
        Bailey |  12.1 |  10.0 |  11.2 |  28.6 |  22.0 | 1944.0
               +-------+-------+-------+-------+-------+----------------------
